AoeStats
← Роман Русланович

Nomad

510371661Analyzed
3v3 RM · 1d ago on Sep 30, 2026· 48m 37s· 6 players
Game mode
Random Map
Map size
210×210
Population
200
Speed
Normal
Resources
Standard
Victory
Conquest
Starting age
Dark Age
Ending age
Imperial Age
RankedLock teamsTeams togetherTeam positionsShared explorationLock speedFull tech treeHidden civsTurbo modeCheats
Victory
Defeat
🇩🇪 Vietnamese · Germany
1149
+13
🇩🇪 Japanese · Germany
1139
+14
🇩🇪 Ethiopians · Germany
1095
+16
🇲🇽 Celts · Mexico
1114
-15
🇷🇴 Britons · Romania
1102
-15
1058
-39
Cristii'
5:21 Loom
13:12 Feudal Age
15:48 Fletching
17:04 Padded Archer Armor
22:24 Castle Age
21:30 Scale Barding Armor
23:50 Crossbowman
25:33 Light Cavalry
26:14 Husbandry
27:03 Medium Warships
28:56 Town Watch
29:01 Double-Bit Axe
32:53 Ballistics
32:30 Bodkin Arrow
36:12 Wheelbarrow
39:04 Pikeman
39:45 Squires
39:30 Gambesons
42:13 Yeomen
43:22 Scale Mail Armor
51:18 Imperial Age
alexisxsegura
5:43 Loom
16:32 Feudal Age
17:48 Stone Mining
17:59 Fletching
29:59 Double-Bit Axe
32:25 Fishing Lines
37:31 Castle Age
35:54 Scale Mail Armor
36:35 Padded Archer Armor
38:15 Bodkin Arrow
39:17 Bow Saw
39:07 Elite Skirmisher
40:13 Ballistics
41:35 Crossbowman
42:29 Gillnets
43:21 Gold Mining
45:18 Horse Collar
Роман Русланович
18:01 Feudal Age
19:16 Horse Collar
19:25 Double-Bit Axe
19:53 Man-at-Arms
21:37 Forging
22:23 Wheelbarrow
Whysky 6
13:55 Feudal Age
14:29 Double-Bit Axe
15:49 Gold Mining
17:17 Fishing Lines
38:22 Stone Mining
jj89
5:37 Loom
15:36 Feudal Age
16:15 Double-Bit Axe
17:52 Man-at-Arms
25:25 Castle Age
23:57 Fletching
24:08 Scale Mail Armor
24:04 Arson
26:04 Bodkin Arrow
26:36 Crossbowman
33:54 Wheelbarrow
33:32 Bow Saw
37:49 Hand Cart
37:21 Town Watch
39:31 Ballistics
39:46 Padded Archer Armor
40:08 Thumb Ring
43:14 Leather Archer Armor
42:56 Fishing Lines
46:39 Imperial Age
44:26 Chain Mail Armor
44:33 Squires
46:52 Masonry
46:29 Horse Collar
47:12 Forging
49:41 Chemistry
Valt
5:48 Loom
13:37 Feudal Age
14:30 Fishing Lines
14:36 Double-Bit Axe
16:03 Wheelbarrow
17:35 Gold Mining
20:27 Castle Age
19:08 Fletching
20:30 Padded Archer Armor
21:07 Bodkin Arrow
21:15 Husbandry
22:11 Gillnets
24:28 Bloodlines
26:59 Leather Archer Armor
28:05 Ballistics
28:26 Thumb Ring
28:02 Elite Skirmisher
34:37 Scale Barding Armor
35:54 Chain Barding Armor
35:45 Forging
37:37 Hand Cart
38:51 Iron Casting
38:56 Town Watch
43:55 Imperial Age
44:41 Bracer
45:46 Chemistry
46:09 Plate Barding Armor
45:42 Horse Collar
46:23 Bow Saw
47:24 Ring Archer Armor
47:03 Capped Ram
47:44 Heavy Cavalry Archer
Connection lost

Rejoining the realm…

Still unreachable

The connection could not be restored.

Session expired

The server has moved on; the page needs a fresh start.